 Dungeon Crawl Stone Soup version 0.31-a0-210-gccc998df9b (webtiles) character file.

Game seed: 3561497758127656951

6668 qw the Skirmisher (level 10, -4/91 HPs)
             Began as a Minotaur Hexslinger on June 29, 2023.
             Was a Priest of Okawaru.
             Killed by divine providence
             ... invoked by an orc priest
              (12 damage)
             ... on level 9 of the Dungeon.
             The game lasted 00:03:21 (8673 turns).

qw the Skirmisher (Minotaur Hexslinger)             Turns: 8673, Time: 00:03:22

Health: -4/91      AC: 13    Str: 14    XL:     10   Next: 73%
Magic:  10/12      EV: 15    Int: 10    God:    Okawaru [***...]
Gold:   389        SH:  0    Dex: 16    Spells: 10/11 levels left

rFire   + . .        Y - +0 arbalest
rCold   + . .        (shield currently unavailable)
rNeg    . . .        m - +1 ring mail {rC+}
rPois   .            (helmet restricted)
rElec   .            g - +0 cloak
rCorr   .            n - +0 pair of gloves
SInv    .            b - +1 pair of boots
Will    ++...        l - amulet of Ynethiph {Acrobat Will+}
Stlth   ++           j - ring of willpower
HPRegen 0.35/turn    q - ring of protection from fire
MPRegen 0.13/turn

%: acrobat
@: about to teleport, heroic
A: horns 2, retaliatory headbutt
a: Renounce Religion, Heroism


You were on level 9 of the Dungeon.
You worshipped Okawaru.
Okawaru was most pleased with you.
You visited 2 branches of the dungeon, and saw 10 of its levels.

You collected 636 gold pieces.
You spent 247 gold pieces at shops.


Innate Abilities, Weirdness & Mutations

You have a pair of horns on your head.
You reflexively headbutt those who attack you in melee.


   Skills:
 - Level 9.0(14.0) Fighting
 + Level 13.8(18.8) Ranged Weapons
 - Level 5.0(10.0) Armour
 - Level 5.1(10.1) Dodging
 - Level 1.0 Spellcasting
 - Level 2.0 Hexes
 - Level 4.0 Invocations


You had 10 spell levels left.
You knew the following spells:

 Your Spells              Type           Power      Damage    Failure   Level
a - Slow                  Hex            16%        N/A       26%         1

Your spell library contained the following spells:

 Spells                   Type           Power      Damage    Failure   Level
 Inner Flame              Hex/Fire       2%         N/A       75%         3
 Portal Projectile        Hex/Tloc       4%         N/A       75%         3
 Cause Fear               Hex            2%         N/A       95%         4

Inventory:

Hand Weapons
 Y - a +0 arbalest (weapon)
Armour
 b - a +1 pair of boots (worn)
 g - a +0 cloak (worn)
 m - a +1 ring mail of cold resistance (worn)
 n - a +0 pair of gloves (worn)
 r - +0 acid dragon scales
Jewellery
 j - a ring of willpower (left hand)
 l - the amulet of Ynethiph (around neck) {Acrobat Will+}
   (You found it on level 3 of the Dungeon)

   [amulet of the acrobat]

   It increases your evasion while moving and waiting.
   Will:      It increases your willpower.
 q - a ring of protection from fire (right hand)
Scrolls
 e - 4 scrolls of identify
 p - a scroll of teleportation
Potions
 a - a potion of enlightenment
 c - a potion of magic
 d - 7 potions of curing
 f - 3 potions of mutation
 h - 4 potions of might
 i - 3 potions of cancellation

Dungeon Overview and Level Annotations

Branches:
Dungeon (9/15)             Temple (1/1) D:4
   Lair: D:8-11         Orc: D:9-12

Altars:
Ashenzari
Dithmenos
Elyvilon
Fedhas
Gozag
Hepliaklqana
Kikubaaqudgha
Makhleb
Nemelex Xobeh
Okawaru
Ru
Sif Muna
Trog
Uskayaw
Wu Jian
Yredelemnul
Zin
The Shining One

Shops:
D:1 *!**   D:7 [

Annotations:
D:5 exclusion: gnoll sergeant
D:8 1 transporter, qw's ghost, novice GrFi


Message History

The troll claws you. The orc misses you.
The orc warrior hits you from afar with a +0 trident.
The orc barely misses you. Something hits you.
Something hits you but does no damage. x2
The orc priest hits you but does no damage.
You shoot a bolt. The bolt closely misses the troll.
The bolt hits the orc but does no damage.
The troll bites you but does no damage. The troll closely misses you.
The troll claws you. Something hits you but does no damage.
The orc hits you with a +0 club.
The orc warrior hits you from afar with a +0 trident!
The orc barely misses you.
Something hits you but does no damage. x2
The orc priest hits you but does no damage.
8671 ||| READING 2 scrolls of teleportation.
As you read the scroll of teleportation, it crumbles to dust.
You feel strangely unstable. The troll misses you. You furiously retaliate!
You headbutt the troll, but do no damage.
The troll barely misses you. The troll misses you.
You hear some strange, mumbled words.
A magic dart appears from out of thin air!
The magic dart hits you but does no damage.
The orc barely misses you. You furiously retaliate!
You headbutt the orc!
You kill the orc!
Okawaru accepts your kill. The orc warrior closely misses you.
The orc misses you.
Something hits you but does no damage. x2; The orc priest misses you.
You furiously retaliate!
You headbutt the orc priest! You shoot a bolt.
The bolt barely misses the orc priest.
The troll bites you.
The troll claws you but does no damage. x2
Something hits you but does no damage. The orc priest barely misses you.
The orc warrior completely misses you. The orc misses you.
Something hits you but does no damage.
You shoot a bolt. The bolt hits the orc priest!
The orc priest is almost dead.
Something hits you but does no damage. The troll closely misses you.
The troll misses you. x2
The orc priest invokes the aid of Beogh against you.
Beogh smites you!
You die...

... .........K
......#...
......#..#
.........## ..#
#......o.###..##..
#..o..##.o.#......
#o.?##)@{...#...
.####..ooT{.....#
..#.#.)))..)....#
.........#.....).#
..##.............#
##..........##.#
###..............#
##..........####.##
##............##...>


You could see a troll, an orc warrior, an orc priest and 2 orcs.

Vanquished Creatures
  Erica (D:8)
  2 two-headed ogres (D:8)
  A wraith (D:9)
  A wyvern (D:8)
  4 yaks (D:8)
  Grum (D:5)
  Menkaure (D:3)
  An acid dragon (D:8)
  2 orc warriors
  2 sky beasts
  3 black bears
  3 ogres
  3 wolves (D:5)
  2 centaurs
  A kobold brigand (D:9)
  2 bullfrogs
  5 gnoll sergeants
  2 scorpions (D:5)
  9 wights
  A jelly (D:7)
  A howler monkey (D:5)
  11 hounds
  A gnoll bouda (D:5)
  2 orc priests (D:7)
  A sleepcap (D:6)
  5 orc wizards
  Natasha (thrice) (D:2)
  4 iguanas
  23 gnolls
  11 adders
  A shadow imp (D:5)
  5 white imps
  3 dart slugs
  23 orcs
  4 bats
  4 endoplasms
  3 giant cockroaches
  10 hobgoblins
  8 jackals
  11 kobolds
  5 quokkas
  7 ball pythons
  15 goblins
  4 rats
212 creatures vanquished.

Notes
Turn   | Place    | Note
-------+----------+-------------------------------------------
     0 | D:1      | qw the Minotaur Hexslinger began the quest for the Orb.
     0 | D:1      | Reached XP level 1. HP: 16/16 MP: 1/1
     0 | D:1      | 0 ||| qw: Version: 0.3-a-24-ga2abf7b
     0 | D:1      | 0 ||| qw: Game counter: 6860
     0 | D:1      | 0 ||| qw: Melee chars always use a shield: true
     0 | D:1      | 0 ||| qw: God list: Okawaru
     0 | D:1      | 0 ||| qw: Allow faded altars: false
     0 | D:1      | 0 ||| qw: Do Orc after clearing Dungeon:15 true
     0 | D:1      | 0 ||| qw: Do second Lair branch before Depths: true
     0 | D:1      | 0 ||| qw: Lair rune preference: random
     0 | D:1      | 0 ||| qw: Goals: Normal
     0 | D:1      | 0 ||| PLANNING D:1-11
    33 | D:1      | Found Movirad's General Store.
    34 | D:1      | Found Cidodo's Distillery.
    39 | D:1      | 39 ||| SHOPLISTING potion of curing (30 gold, have 0).
    39 | D:1      | 39 ||| SHOPLISTING potion of mutation (80 gold, have 0).
    39 | D:1      | 39 ||| SHOPLISTING potion of resistance (100 gold, have 0).
    41 | D:1      | 41 ||| SHOPLISTING +0 leather armour (24 gold, have 0).
    41 | D:1      | 41 ||| SHOPLISTING +0 ring mail of cold resistance (132
                  | gold, have 0).
    41 | D:1      | 41 ||| SHOPLISTING +2 ring mail of poison resistance (216
                  | gold, have 0).
    61 | D:1      | Found Mietised's Assorted Antiques.
    77 | D:1      | HP: 4/16 [quokka (4)]
   129 | D:1      | 129 ||| SHOPLISTING dark potion (20 gold, have 0).
   129 | D:1      | 129 ||| SHOPLISTING glass wand (92 gold, have 0).
   129 | D:1      | 129 ||| SHOPLISTING orange potion (20 gold, have 0).
   129 | D:1      | 129 ||| SHOPLISTING scroll labelled BACKAU RENLOGI (23
                  | gold, have 0).
   129 | D:1      | 129 ||| SHOPLISTING scroll labelled MATTEB POESECH (23
                  | gold, have 0).
   129 | D:1      | 129 ||| SHOPLISTING sedimented red potion (20 gold, have
                  | 0).
   129 | D:1      | 129 ||| SHOPLISTING yellow potion (20 gold, have 0).
   194 | D:1      | Reached skill level 3 in Ranged Weapons
   430 | D:1      | Reached XP level 2. HP: 23/23 MP: 2/2
   466 | D:1      | Found Teled's Assorted Antiques.
   693 | D:1      | 693 ||| SHOPLISTING runed troll leather armour (288 gold,
                  | have 19).
   693 | D:1      | 693 ||| BUYING scroll labelled BACKAU RENLOGI (16 gold).
   693 | D:1      | Bought a scroll labelled BACKAU RENLOGI for 16 gold pieces
   693 | D:1      | 693 ||| SHOPLISTING scroll labelled LUMNUV WIKU (16 gold,
                  | have 3).
   693 | D:1      | 693 ||| SHOPLISTING scroll labelled PEIWUE IRECKIC (16
                  | gold, have 3).
   693 | D:1      | 693 ||| SHOPLISTING sedimented red potion (14 gold, have
                  | 3).
   824 | D:1      | 824 ||| UPGRADING to +0 cloak.
   829 | D:1      | 829 ||| READING 2 scrolls labelled MATTEB POESECH.
   830 | D:1      | 830 ||| READING scroll of enchant weapon.
   830 | D:1      | 830 ||| ENCHANTING +2 sling.
   831 | D:1      | 831 ||| READING 4 scrolls labelled PEIWUE IRECKIC.
   832 | D:1      | 832 ||| READING 2 scrolls labelled BACKAU RENLOGI.
   875 | D:1      | 875 ||| READING scroll labelled EGEMPU XAOROY.
   876 | D:1      | 876 ||| READING scroll labelled TORAGUCETO.
   877 | D:1      | 877 ||| READING 3 scrolls of identify.
   877 | D:1      | 877 ||| IDENTIFYING fizzy blue potion
   878 | D:1      | 878 ||| DROPPING scroll of poison.
   879 | D:1      | 879 ||| DROPPING scroll of torment.
  1010 | D:2      | Noticed Natasha
  1018 | D:2      | Killed Natasha
  1019 | D:2      | Reached XP level 3. HP: 16/29 MP: 3/3
  1071 | D:2      | Noticed Natasha
  1076 | D:2      | Killed Natasha
  1077 | D:2      | Reached skill level 4 in Ranged Weapons
  1077 | D:2      | Reached XP level 4. HP: 36/36 MP: 4/4
  1082 | D:2      | Noticed Natasha
  1087 | D:2      | Killed Natasha
  1173 | D:2      | Reached skill level 5 in Ranged Weapons
  1385 | D:2      | Reached skill level 3 in Fighting
  1733 | D:2      | 1733 ||| SWAPPING to +0 arbalest.
  1734 | D:2      | 1734 ||| DROPPING +3 sling.
  1837 | D:2      | 1837 ||| UPGRADING to +1 pair of boots.
  1842 | D:2      | 1842 ||| READING scroll labelled LAXA YN ZAHIEN.
  1843 | D:2      | 1843 ||| READING 3 scrolls of identify.
  1843 | D:2      | 1843 ||| IDENTIFYING inky potion
  1844 | D:2      | 1844 ||| READING 2 scrolls of identify.
  1844 | D:2      | 1844 ||| IDENTIFYING orange potion
  1864 | D:3      | 1864 ||| STAIRDANCE
  1867 | D:2      | Reached XP level 5. HP: 42/45 MP: 5/5
  1991 | D:3      | Found a white marble altar of Elyvilon.
  2068 | D:3      | Identified the amulet of Ynethiph {Acrobat Will+}
  2113 | D:3      | Found a hazy altar of Hepliaklqana.
  2124 | D:3      | 2124 ||| UPGRADING to amulet of Ynethiph {Acrobat Will+}.
  2215 | D:3      | 2215 ||| UPGRADING to +0 leather armour.
  2225 | D:3      | 2225 ||| DROPPING +0 robe.
  2226 | D:3      | 2226 ||| READING scroll labelled LUMNUV WIKU.
  2227 | D:3      | 2227 ||| DRINKING 2 sedimented red potions.
  2228 | D:3      | 2228 ||| READING 2 scrolls of identify.
  2228 | D:3      | 2228 ||| IDENTIFYING dark potion
  2272 | D:3      | Found a shimmering blue altar of Sif Muna.
  2302 | D:3      | Reached skill level 1 in Armour
  2511 | D:3      | 2511 ||| UPGRADING to +0 pair of gloves.
  2516 | D:3      | 2516 ||| UPGRADING to +0 ring mail.
  2526 | D:3      | 2526 ||| DROPPING +0 leather armour.
  2527 | D:3      | 2527 ||| READING 2 scrolls labelled ERIVAO ASAOSM.
  2528 | D:3      | 2528 ||| DROPPING scroll of fog.
  2538 | D:4      | Noticed Menkaure
  2541 | D:4      | 2541 ||| STAIRDANCE
  2543 | D:3      | Killed Menkaure
  2544 | D:3      | Reached skill level 6 in Ranged Weapons
  2544 | D:3      | Reached XP level 6. HP: 24/51 MP: 6/6
  2664 | D:4      | Reached skill level 3 in Armour
  2872 | D:4      | Reached XP level 7. HP: 52/60 MP: 7/7
  2947 | D:4      | Found a staircase to the Ecumenical Temple.
  2948 | D:4      | 2948 ||| PLANNING TEMPLE
  2963 | Temple   | Entered the Ecumenical Temple
  3005 | Temple   | 3005 ||| PLANNING OKAWARU WORSHIP
  3130 | Temple   | Became a worshipper of Warmaster Okawaru
  3131 | Temple   | 3131 ||| PLANNING D:1-11
  3240 | D:4      | Reached skill level 7 in Ranged Weapons
  3702 | D:4      | 3702 ||| READING 3 scrolls of identify.
  3702 | D:4      | 3702 ||| IDENTIFYING fuming grey potion
  3703 | D:4      | 3703 ||| READING 2 scrolls of identify.
  3703 | D:4      | 3703 ||| IDENTIFYING fuming inky potion
  3704 | D:4      | 3704 ||| DROPPING potion of berserk rage.
  3720 | D:5      | Entered Level 5 of the Dungeon
  3767 | D:5      | 3767 ||| FLEEEEING.
  3772 | D:5      | 3772 ||| STAIRDANCE
  3852 | D:5      | Reached skill level 8 in Ranged Weapons
  3903 | D:5      | 3903 ||| Stepping ~*~*~tactically~*~*~ (outnumbered).
  3915 | D:5      | HP: 10/61 [wolf (9)]
  3916 | D:5      | 3916 ||| DRINKING potion of heal wounds.
  3922 | D:5      | HP: 15/61 [wolf (9)]
  3923 | D:5      | HP: 5/61 [wolf (8)]
  4122 | D:5      | Reached * piety under Okawaru
  4123 | D:5      | Reached XP level 8. HP: 59/68 MP: 8/8
  4220 | D:5      | Reached skill level 9 in Ranged Weapons
  4293 | D:5      | Reached skill level 1 in Invocations
  4301 | D:5      | 4301 ||| INVOKING Heroism.
  4305 | D:5      | Reached skill level 6 in Fighting
  4307 | D:5      | HP: 17/70 [something/puff of flame (10)]
  4310 | D:5      | 4310 ||| INVOKING Heroism.
  4315 | D:5      | HP: 14/70 [something/magic dart (5)]
  4320 | D:5      | HP: 9/70 [hound (2)]
  4332 | D:5      | 4332 ||| FLEEEEING.
  4333 | D:5      | 4333 ||| FLEEEEING.
  4334 | D:5      | 4334 ||| FLEEEEING.
  4335 | D:5      | 4335 ||| FLEEEEING.
  4336 | D:5      | 4336 ||| FLEEEEING.
  4338 | D:5      | 4338 ||| FLEEEEING.
  4339 | D:5      | 4339 ||| FLEEEEING.
  4340 | D:5      | 4340 ||| FLEEEEING.
  4341 | D:5      | 4341 ||| FLEEEEING.
  4345 | D:5      | 4345 ||| FLEEEEING.
  4346 | D:5      | 4346 ||| FLEEEEING.
  4347 | D:5      | 4347 ||| FLEEEEING.
  4348 | D:5      | 4348 ||| FLEEEEING.
  4349 | D:5      | 4349 ||| FLEEEEING.
  4350 | D:5      | 4350 ||| FLEEEEING.
  4351 | D:5      | 4351 ||| FLEEEEING.
  4352 | D:5      | 4352 ||| FLEEEEING.
  4353 | D:5      | 4353 ||| FLEEEEING.
  4354 | D:5      | 4354 ||| FLEEEEING.
  4355 | D:5      | 4355 ||| FLEEEEING.
  4356 | D:5      | 4356 ||| FLEEEEING.
  4357 | D:5      | 4357 ||| FLEEEEING.
  4358 | D:5      | 4358 ||| FLEEEEING.
  4359 | D:5      | 4359 ||| FLEEEEING.
  4360 | D:5      | 4360 ||| FLEEEEING.
  4361 | D:5      | 4361 ||| FLEEEEING.
  4362 | D:5      | 4362 ||| FLEEEEING.
  4363 | D:5      | 4363 ||| FLEEEEING.
  4364 | D:5      | 4364 ||| FLEEEEING.
  4365 | D:5      | 4365 ||| FLEEEEING.
  4366 | D:5      | 4366 ||| FLEEEEING.
  4367 | D:5      | 4367 ||| FLEEEEING.
  4368 | D:5      | 4368 ||| FLEEEEING.
  4369 | D:5      | 4369 ||| FLEEEEING.
  4370 | D:5      | 4370 ||| STAIRDANCE
  4529 | D:4      | 4529 ||| READING scroll labelled RACYKH TUYS.
  4534 | D:5      | Reached skill level 3 in Dodging
  4554 | D:5      | 4554 ||| DRINKING 4 potions of curing.
  4554 | D:5      | 4554 ||| (to cure poison)
  4833 | D:5      | 4833 ||| INVOKING Heroism.
  5077 | D:5      | 5077 ||| INVOKING Heroism.
  5083 | D:5      | Reached skill level 3 in Invocations
  5195 | D:5      | Noticed Grum
  5196 | D:5      | 5196 ||| INVOKING Heroism.
  5198 | D:5      | Killed Grum
  5199 | D:5      | Reached skill level 10 in Ranged Weapons
  5510 | D:5      | 5510 ||| UPGRADING to ring of willpower.
  5511 | D:5      | 5511 ||| DRINKING 2 bubbling clear potions.
  5512 | D:5      | 5512 ||| DROPPING potion of attraction.
  5521 | D:6      | 5521 ||| INVOKING Heroism.
  5528 | D:6      | Reached XP level 9. HP: 71/78 MP: 7/10
  5554 | D:6      | Found a bloodstained altar of Trog.
  5937 | D:6      | 5937 ||| INVOKING Heroism.
  6139 | D:6      | 6139 ||| READING 3 scrolls of identify.
  6139 | D:6      | 6139 ||| IDENTIFYING amethyst potion
  6280 | D:7      | 6280 ||| INVOKING Heroism.
  6318 | D:7      | 6318 ||| INVOKING Heroism.
  6323 | D:7      | Reached skill level 11 in Ranged Weapons
  6409 | D:7      | 6409 ||| FLEEEEING.
  6412 | D:7      | 6412 ||| FLEEEEING.
  6413 | D:7      | 6413 ||| FLEEEEING.
  6414 | D:7      | 6414 ||| FLEEEEING.
  6416 | D:7      | 6416 ||| FLEEEEING.
  6417 | D:7      | 6417 ||| FLEEEEING.
  6418 | D:7      | 6418 ||| FLEEEEING.
  6419 | D:7      | 6419 ||| FLEEEEING.
  6420 | D:7      | 6420 ||| FLEEEEING.
  6421 | D:7      | 6421 ||| FLEEEEING.
  6508 | D:7      | 6508 ||| INVOKING Heroism.
  6557 | D:7      | 6557 ||| INVOKING Heroism.
  6601 | D:7      | 6601 ||| Stepping ~*~*~tactically~*~*~ (outnumbered).
  6604 | D:7      | 6604 ||| Stepping ~*~*~tactically~*~*~ (outnumbered).
  6671 | D:7      | Found Pufyb's Antique Armour Shoppe.
  6679 | D:7      | 6679 ||| BUYING glowing ring mail (231 gold).
  6679 | D:7      | Bought a glowing ring mail for 231 gold pieces
  6705 | D:7      | 6705 ||| FLEEEEING.
  6928 | D:7      | 6928 ||| INVOKING Heroism.
  7138 | D:7      | 7138 ||| UPGRADING to +1 ring mail of cold resistance.
  7148 | D:7      | 7148 ||| DROPPING +0 ring mail.
  7149 | D:7      | 7149 ||| READING scroll labelled MIONOGE AMIT.
  7250 | D:7      | 7250 ||| READING scroll labelled OLETAOZ OLOVYNITY.
  7291 | D:8      | Noticed a two-headed ogre
  7293 | D:8      | 7293 ||| INVOKING Heroism.
  7298 | D:8      | Killed a two-headed ogre
  7299 | D:8      | Reached skill level 12 in Ranged Weapons
  7299 | D:8      | Reached XP level 10. HP: 47/86 MP: 9/12
  7482 | D:8      | Found a hide-covered altar of Uskayaw.
  7518 | D:8      | Noticed a two-headed ogre
  7519 | D:8      | 7519 ||| INVOKING Heroism.
  7528 | D:8      | Killed a two-headed ogre
  7528 | D:8      | Reached ** piety under Okawaru
  7778 | D:8      | Noticed Erica
  7792 | D:8      | HP: 20/90 [something (6)]
  7793 | D:8      | Killed Erica
  7794 | D:8      | Reached skill level 13 in Ranged Weapons
  8003 | D:8      | Found a transporter.
  8005 | D:8      | Noticed qw's ghost (novice GrFi)
  8008 | D:8      | Noticed a two-headed ogre
  8043 | D:8      | Reached skill level 9 in Fighting
  8245 | D:8      | 8245 ||| INVOKING Heroism.
  8246 | D:8      | HP: 22/89 [acid dragon (2)]
  8247 | D:8      | 8247 ||| READING 2 scrolls of teleportation.
  8492 | D:8      | Reached *** piety under Okawaru
  8520 | D:8      | 8520 ||| UPGRADING to ring of protection from fire.
  8521 | D:8      | 8521 ||| READING scroll labelled PANWIOTHR HAWKU.
  8522 | D:8      | 8522 ||| READING scroll labelled MELUSH NY ESA.
  8636 | D:9      | 8636 ||| Stepping ~*~*~tactically~*~*~ (outnumbered).
  8637 | D:9      | 8637 ||| Stepping ~*~*~tactically~*~*~ (outnumbered).
  8638 | D:9      | 8638 ||| Stepping ~*~*~tactically~*~*~ (outnumbered).
  8639 | D:9      | 8639 ||| Stepping ~*~*~tactically~*~*~ (outnumbered).
  8641 | D:9      | 8641 ||| INVOKING Heroism.
  8642 | D:9      | 8642 ||| Stepping ~*~*~tactically~*~*~ (outnumbered).
  8645 | D:9      | 8645 ||| Stepping ~*~*~tactically~*~*~ (outnumbered).
  8652 | D:9      | 8652 ||| Stepping ~*~*~tactically~*~*~ (outnumbered).
  8655 | D:9      | 8655 ||| Stepping ~*~*~tactically~*~*~ (outnumbered).
  8656 | D:9      | 8656 ||| Stepping ~*~*~tactically~*~*~ (outnumbered).
  8658 | D:9      | 8658 ||| Stepping ~*~*~tactically~*~*~ (outnumbered).
  8669 | D:9      | 8669 ||| INVOKING Heroism.
  8670 | D:9      | HP: 13/91 [orc warrior/+0 trident (10)]
  8671 | D:9      | 8671 ||| READING 2 scrolls of teleportation.
  8673 | D:9      | Killed from afar by an orc priest

Levels and vault maps discovered:
D:1:      amcnicky_arrival_choice, layout_loops_ring, serial_shops, shop,
          nicolae_shop_window_shopping, shop, shop, grunt_decor_one_mirror,
          minmay_misc_feat_pillars
D:2:      cheibrodos_greedy_goblins, layout_basic, nrook_campfire,
          minmay_tromino_v7, uniq_natasha
D:3:      layout_loops_ring, overflow_temple_1_default,
          nicolae_sif_muna_little_library, amcnicky_altar_gilded
D:4:      layout_loops_corners, minmay_temple_entry_ruins,
          kennysheep_generic_room_3, uniq_menkaure
D:5:      layout_cave_pools, serial_gnoll_camp, gnoll_camp_mini_hut,
          grums_kennel, gnoll_camp_mini_sergeant, gnoll_camp_huts_moat,
          kennysheep_nondescript, kennysheep_generic_room_5
D:6:      layout_rooms, nicolae_overflow_crystal_walls, minmay_misc_feat_iff
D:7:      layout_gridville, serial_shops, shop
D:8:      layout_gridville, mainiacjoe_overflow_boulevard, serial_rivers,
          chequers_serial_rivers_room_b, chequers_serial_rivers_room_b,
          chequers_serial_rivers_micro_a, chequers_serial_rivers_marsh,
          gammafunk_ghost_smash, uniq_erica
D:9:      layout_cave_pools, gammafunk_ghost_grave, hangedman_minor_magic
Temple:   hellmonk_temple_forest_ring

Skill      XL: |  1  2  3  4  5  6  7  8  9 10 |
---------------+-------------------------------+-----
Ranged Weapons | 3 4 5 6 8 10 12 13 | 13.8
Fighting       | 2 3 4 5 6 7 9 |  9.0
Armour         | 1 3 4 5 |  5.0
Invocations    | 3 4 |  4.0
Dodging        | 3 4 5 |  5.1
Spellcasting   | |  1.0
Hexes          | |  2.0

Action                     |  1- 3 |  4- 6 |  7- 9 | 10-12 || total
---------------------------+-------+-------+-------+-------++-------
   Fire: Sling             |    57 |    52 |       |       ||   109
         Arbalest          |       |    65 |   388 |   104 ||   557
 Invoke: Heroism           |       |       |    13 |     4 ||    17
    Use: Scroll            |     7 |     6 |     6 |     4 ||    23
         Potion            |       |     1 |     3 |       ||     4
 Armour: Robe              |     8 |    10 |       |       ||    18
         Ring mail         |       |     9 |   153 |    84 ||   246
  Dodge: Dodged            |    19 |    41 |   211 |   121 ||   392

Table legend:
 A = Non-vault XP
 B = Vault XP
 C = Vault XP percentage of total XP
 D = Non-vault monster count
 E = Vault monster count
 F = Vault count percentage of total count
                 A         B        C        D         E       F
            +---------+---------+-------+---------+---------+-------
      Total |    6823 |    2703 |  28.4 |     150 |      62 |  29.2
            +---------+---------+-------+---------+---------+-------
        D:1 |      13 |       0 |   0.0 |       9 |       0 |   0.0
        D:2 |     135 |      79 |  36.9 |      10 |      19 |  65.5
        D:3 |      73 |     165 |  69.3 |      23 |       1 |   4.2
        D:4 |     376 |       0 |   0.0 |      21 |       0 |   0.0
        D:5 |     324 |    1599 |  83.2 |      13 |      41 |  75.9
        D:6 |     548 |       0 |   0.0 |      10 |       0 |   0.0
        D:7 |    1221 |       0 |   0.0 |      24 |       0 |   0.0
        D:8 |    3452 |     860 |  19.9 |      20 |       1 |   4.8
        D:9 |     681 |       0 |   0.0 |      20 |       0 |   0.0
            +---------+---------+-------+---------+---------+-------
